[Event "Early-Titled-Tuesday-Blitz-August-29-2023"]
[Site "Chess.com"]
[Date "2023.08.29"]
[Round "2"]
[White "jerry_77"]
[Black "Aleksandar-Topalov"]
[Result "1-0"]
[WhiteElo "2627"]
[BlackElo "2324"]
[TimeControl "180+1"]
[EndTime "8:17:34 PDT"]
[Termination "jerry_77 won by checkmate"]

1. e4 e6 2. d4 d5 3. Nd2 Nf6 4. e5 Ng8 5. Ndf3 Ne7 6. Ne2 Qd7 7. c3 b6 8. Nf4 Ba6 9. Bxa6 Nxa6 10. h4 h5 11. a3 c5 12. Ng5 g6 13. Qf3 Nf5 14. Qd3 Nc7 15. f3 Be7 16. Bd2 cxd4 17. cxd4 Qb5 18. Qc3 Na6 19. Kf2 Kf8 20. Ngxe6+ fxe6 21. Nxg6+ Kf7 22. Nxh8+ Rxh8 23. Bg5 Qc4 24. Bxe7 Kxe7 25.
Rad1 Qxc3 26. bxc3 Rg8 27. Rdg1 Nh6 28. a4 Nb8 29. a5 b5 30. a6 Rc8 31. g4 Rxc3 32.
gxh5 Nf5 33. h6 Rc2+ 34. Ke1 Nxh6 35. Kd1 Ra2 36. Kc1 Nf5 37. Kb1 Rxa6 38. h5 Nc6 39.
h6 Nxh6 40. Rxh6 Nxd4 41. Rg7+ Kf8 42. Rb7 Rb6 43. Rh8# 1-0

[Event "Early-Titled-Tuesday-Blitz-August-29-2023"]
[Site "Chess.com"]
[Date "2023.08.29"]
[Round "2"]
[White "skoularikii"]
[Black "crazy_m_attack"]
[Result "0-1"]
[WhiteElo "2489"]
[BlackElo "2327"]
[TimeControl "180+1"]
[EndTime "8:17:34 PDT"]
[Termination "crazy_m_attack won by resignation"]

1. e4 e5 2. Nf3 Nc6 3. Bb5 a6 4. Ba4 Nf6 5. Bxc6 dxc6 6. d3 Nd7 7. Nbd2 f6 8. Nc4 Nc5 9. Nh4 g6 10. O-O Bg7 11. f4 exf4 12. Bxf4 O-O 13. Nf3 Ne6 14. Bg3 b5 15. Na5 c5 16. Qe2 Nd4 17. Nxd4 Qxd4+ 18. Qf2 f5 19. Qxd4 Bxd4+ 20. Kh1 Bxb2 21. Rab1 Bc3 22. Bxc7 Rf7 23. Bb6 Rb8 24. Rb3 Bd2 25. Bd8 Be6 26. Nc4 Bxc4 27. dxc4 Rxd8 28. cxb5 axb5 29. exf5 b4 30.
Rbf3 gxf5 31. Rxf5 Rxf5 32. Rxf5 Be3 33. g3 Rd1+ 34. Kg2 Rd2+ 35. Kf3 Bd4 0-1

[Event "Early-Titled-Tuesday-Blitz-August-29-2023"]
[Site "Chess.com"]
[Date "2023.08.29"]
[Round "2"]
[White "valemava"]
[Black "CSB7"]
[Result "1-0"]
[WhiteElo "2329"]
[BlackElo "2700"]
[TimeControl "180+1"]
[EndTime "8:17:35 PDT"]
[Termination "valemava won by resignation"]

1. Nf3 Nf6 2. c4 g6 3. b3 Bg7 4.
Bb2 O-O 5. g3 b6 6. Bg2 Bb7 7.
O-O c5 8. d3 Nc6 9. h3 d5 10.
cxd5 Nxd5 11. Bxg7 Kxg7 12. Qc1 e5 13. Qb2 Re8 14. Nbd2 Nd4 15. Rfe1 f6 16. Rad1 Qd7 17. Kh2 Rad8 18. a3 h6 19. e3 Nxf3+ 20. Nxf3 Qb5 21. Nd2 Qa6 22. d4 Nc7 23. dxe5 Rxe5 24. Nc4 Rxd1 25.
Rxd1 Re7 26. Rd6 Ne8 27. Rd8 Bxg2 28. Kxg2 Qb7+ 29. Kg1 Qf3 30. Qd2 h5 31. h4 Kh7 32.
Rd7 Rxd7 33. Qxd7+ Ng7 34. Nd6 Qd1+ 35. Kh2 Qd2 36. Kg2 b5 37. Ne8 Qxd7 38. Nxf6+ Kh6 39. Nxd7 c4 40. bxc4 bxc4 41. Kf3 g5 42. Ke4 gxh4 43. gxh4 Ne6 44. Ne5 Nc5+ 45. Kd4 Nd7 46. Nxd7 1-0

[Event "Early-Titled-Tuesday-Blitz-August-29-2023"]
[Site "Chess.com"]
[Date "2023.08.29"]
[Round "2"]
[White "IPAchess"]
[Black "JoseRemolar"]
[Result "1-0"]
[WhiteElo "2335"]
[BlackElo "2500"]
[TimeControl "180+1"]
[EndTime "8:17:35 PDT"]
[Termination "IPAchess won by resignation"]

1. d4 Nf6 2. c4 g6 3. Nc3 Bg7 4. e4 d6 5. Be2 O-O 6. Be3 e5 7. d5 Na6 8. g4 Nc5 9. f3 a5 10. h4 Ne8 11. h5 f5 12. hxg6 hxg6 13. gxf5 gxf5 14. Qd2 f4 15. Bxc5 dxc5 16. O-O-O Nd6 17. Bd3 b6 18. Qh2 Qf6 19. Nge2 Ba6 20. b3 a4 21. Kb2 axb3 22. axb3 Bc8 23. Rdg1 Bd7 24. Qh7+ Kf7 25.
Qh5+ Ke7 26. Rg6 Rh8 27. Rxf6 Rxh5 28. Rxh5 Kxf6 29. Nxf4 exf4 30. e5+ Ke7 31. exd6+ cxd6 32. Rh7 Kf8 33. Kc2 Ke7 34. Rxg7+ 1-0

[Event "Early-Titled-Tuesday-Blitz-August-29-2023"]
[Site "Chess.com"]
[Date "2023.08.29"]
[Round "2"]
[White "CADMartin"]
[Black "Dewarfd"]
[Result "1-0"]
[WhiteElo "2470"]
[BlackElo "2203"]
[TimeControl "180+1"]
[EndTime "8:17:35 PDT"]
[Termination "CADMartin won on time"]

1. e3 d5 2. Nf3 c5 3. b3 e6 4. Bb2 Nc6 5. Bb5 Bd7 6. O-O Nf6 7.
Bxc6 Bxc6 8. Ne5 Rc8 9. f4 Be7 10. d4 cxd4 11. exd4 O-O 12. Nd2 Bb4 13. Ndf3 Ne4 14.
Qd3 f5 15. c3 Bd6 16. a4 a6 17. Ba3 Be8 18. Bxd6 Rxc3 19. Qxc3 Nxc3 20. Bxf8 Kxf8 21. Rfe1 h6 22. Rac1 Qa5 23. Nd3 Ne4 24. Rc8 Ke7 25. Nde5 Bd7 26. Nxd7 Kxd7 27. Rec1 g5 28.
Ne5+ Kd6 29. Nf7+ Ke7 30. R8c7+ Kf6 31. Ne5 gxf4 32. h4 Nd6 33. Nf3 Nc4 34. Rh7 Ne3 35. Rcc7 Qc3 36. Rxc3 1-0

[Event "Early-Titled-Tuesday-Blitz-August-29-2023"]
[Site "Chess.com"]
[Date "2023.08.29"]
[Round "2"]
[White "AdvanceGuard4"]
[Black "MITerryble"]
[Result "0-1"]
[WhiteElo "2618"]
[BlackElo "2951"]
[TimeControl "180+1"]
[EndTime "8:17:36 PDT"]
[Termination "MITerryble won by resignation"]

1. Nf3 d5 2. g3 Nf6 3. Bg2 c6 4. O-O Bg4 5. d3 Nbd7 6. c4 dxc4 7. dxc4 e5 8. Nc3 Be7 9. Qc2 O-O 10. b3 Re8 11. Bb2 Qc7 12. Nh4 a5 13. Nf5 Bf8 14.
h3 Bh5 15. a3 Nc5 16. b4 Ne6 17. c5 Bg6 18. e3 Qc8 19. g4 h5 20. f3 Qc7 21. Ne2 axb4 22. axb4 Rxa1 23. Bxa1 b6 24. f4 exf4 25. Bxf6 gxf6 26. Nxf4 Nxf4 27. exf4 bxc5 28. bxc5 hxg4 29. hxg4 Qa5 30. Bxc6 Bxc5+ 31. Kh1 Rd8 32. Bg2 Kh7 33. Qb3 Rh8 34. Be4 Kg8+ 35. Kg2 Qd2+ 36.
Kf3 Bxf5 37. Qb8+ Kg7 38. Qxh8+ Kxh8 39. Bxf5 Qe3+ 40. Kg2 Qe2+ 0-1

[Event "Early-Titled-Tuesday-Blitz-August-29-2023"]
[Site "Chess.com"]
[Date "2023.08.29"]
[Round "2"]
[White "IljaZaragatski"]
[Black "Cayse"]
[Result "1-0"]
[WhiteElo "2629"]
[BlackElo "2895"]
[TimeControl "180+1"]
[EndTime "8:17:36 PDT"]
[Termination "IljaZaragatski won by checkmate"]

1. Nf3 Nf6 2. g3 d5 3. Bg2 e6 4. O-O Be7 5. c4 O-O 6. b3 c5 7.
cxd5 exd5 8. d4 b6 9. Bb2 Nc6 10. Nc3 Be6 11. Rc1 Rc8 12. dxc5 bxc5 13. Ng5 d4 14. Nxe6 fxe6 15. Na4 Nb4 16. a3 Nbd5 17. Qd3 e5 18. Rc2 Nb6 19. Nxb6 axb6 20. e3 Kh8 21.
exd4 exd4 22. Re2 Bd6 23. Rfe1 Qd7 24. Bc1 h6 25. a4 Rb8 26. Re6 Rbe8 27. Qf5 Rxe6 28.
Rxe6 Re8 29. Rxf6 Re1+ 30. Bf1 Qxf5 31. Rxf5 Rxc1 32. Rd5 Be7 33. Rd7 Bf6 34. Kg2 Rc3 35. Bc4 h5 36. h4 Kh7 37. Rd6 Be5 38. Rd5 Bf6 39. Rxh5+ Kg6 40. Rd5 Kh7 41. f4 Be7 42. Kh3 Kg6 43. Kg4 Re3 44. h5+ Kf6 45. Rf5# 1-0

[Event "Early-Titled-Tuesday-Blitz-August-29-2023"]
[Site "Chess.com"]
[Date "2023.08.29"]
[Round "2"]
[White "ChainedDowntohell"]
[Black "FeketeBarika"]
[Result "1-0"]
[WhiteElo "2527"]
[BlackElo "2311"]
[TimeControl "180+1"]
[EndTime "8:17:40 PDT"]
[Termination "ChainedDowntohell won by resignation"]

1. Nf3 d5 2. c4 c6 3. e3 Nf6 4. Nc3 e6 5. b3 Nbd7 6. Bb2 Bd6 7. d4 O-O 8. Bd3 Re8 9. O-O e5 10. dxe5 Nxe5 11. cxd5 cxd5 12. Be2 Bb8 13. Nb5 Nxf3+ 14. Bxf3 Be6 15. Rc1 a6 16. Nd4 Qd6 17. g3 Bh3 18. Re1 Ne4 19. Ne2 Ng5 20. Nf4 Nxf3+ 21. Qxf3 Be6 22.
Red1 Ba7 23. Nxd5 Bxd5 24. Rxd5 Qg6 25. Kg2 Rac8 26. Rxc8 Rxc8 27. Rd7 h5 28. Rxb7 Bb6 29. h4 Rc2 30. Rb8+ Kh7 31. Be5 Qe6 32. Qxh5+ Qh6 33. Rh8+ 1-0

[Event "Early-Titled-Tuesday-Blitz-August-29-2023"]
[Site "Chess.com"]
[Date "2023.08.29"]
[Round "2"]
[White "Eternauta2400"]
[Black "KrokerGuy"]
[Result "1-0"]
[WhiteElo "2804"]
[BlackElo "2481"]
[TimeControl "180+1"]
[EndTime "8:17:41 PDT"]
[Termination "Eternauta2400 won on time"]

1. c4 e6 2. g3 Nf6 3. Bg2 d5 4. Nf3 dxc4 5. Qa4+ c6 6. Qxc4 b5 7.
Qb3 Bb7 8. O-O Be7 9. d4 O-O 10.
Nc3 a5 11. Rd1 Na6 12. Ne5 a4 13. Nxa4 Nb4 14. Nc3 Nbd5 15. Bg5 Nxc3 16. bxc3 Nd5 17. Bxe7 Qxe7 18. c4 Ra3 19. Qb2 Nc3 20. Rdc1 b4 21. Nd3 Rfa8 22. Nxb4 Nxe2+ 23. Qxe2 Qxb4 24. Rcb1 Qe7 25. Rb2 Ba6 26. Qc2 Qd6 27. Rd1 Rd8 28. h4 h6 29. Rb6 Bc8 30. Rxc6 Qb4 31. Rb1 Qa5 32. d5 Rxa2 33. Qb3 exd5 34. cxd5 Bf5 35. Rf1 Qa7 36.
Qc3 g6 37. Rc7 Qb6 38. Qe5 Rb2 39. Qe7 Rf8 40. d6 Rd2 41. Rc6 Qd8 42. Qe3 Rxd6 43.
Rxd6 Qxd6 44. Qxh6 Re8 45. Qg5 Qe7 46. Qf4 Qe5 47.
Qa4 Bd3 48. Rd1 Bb5 49. Qa5 Be2 50. Qxe5 Rxe5 51. Re1 Re8 52. Bc6 Re6 53. Bd7 Re7 54. Bb5 Bxb5 55. Rxe7 1-0

[Event "Early-Titled-Tuesday-Blitz-August-29-2023"]
[Site "Chess.com"]
[Date "2023.08.29"]
[Round "2"]
[White "reevecanada"]
[Black "Mops_2004"]
[Result "1-0"]
[WhiteElo "2516"]
[BlackElo "2789"]
[TimeControl "180+1"]
[EndTime "8:17:42 PDT"]
[Termination "reevecanada won by resignation"]

1. e4 g6 2. d4 Bg7 3. c4 d6 4. Nc3 e5 5. Be3 exd4 6. Bxd4 Nf6 7. Nge2 Nc6 8. f3 Nxd4 9. Nxd4 O-O 10. Qd2 c6 11.
O-O-O d5 12. cxd5 cxd5 13. e5 Nd7 14. f4 Nb6 15. h4 Bg4 16. Be2 Nc4 17. Qd3 Bxe2 18.
Qxe2 Rc8 19. Kb1 Qa5 20. Rc1 Rfe8 21. h5 b5 22. Nxd5 Rcd8 23. Nc6 Qd2 24. Nc3 Qxe2 25. Nxe2 Rd2 26. Rc2 Rxc2 27. Kxc2 Ne3+ 28. Kd3 Nxg2 29. Ke4 g5 30. fxg5 Re6 31. Ned4 Re8 32. Kf3 Bxe5 33.
Kxg2 Bxd4 34. Nxd4 Re4 35. Rd1 Re5 36. Kf2 Kf8 37.
Nf3 Rc5 38. Rd8+ Ke7 39. Rd2 h6 40. Re2+ Kf8 41. gxh6 Rxh5 42. Re5 Rxh6 43. Rxb5 Ra6 44. a3 Kg7 45. Rb7 Kf6 46. Kg3 Ra4 47. Nd2 Rd4 48.
Nb3 Rd3+ 49. Kf4 Kg6 50. Nc5 Rd2 51. b4 a5 52. bxa5 Rd5 53. Rc7 f6 54. a6 Rd4+ 55.
Ke3 Rd8 56. a7 Kf5 57. Na6 Ra8 58. Rb7 Ke6 59. Nc7+ 1-0

[Event "Early-Titled-Tuesday-Blitz-August-29-2023"]
[Site "Chess.com"]
[Date "2023.08.29"]
[Round "2"]
[White "MathiasWomacka"]
[Black "matagordo"]
[Result "1-0"]
[WhiteElo "2458"]
[BlackElo "2166"]
[TimeControl "180+1"]
[EndTime "8:17:43 PDT"]
[Termination "MathiasWomacka won on time"]

1. e4 e6 2. d4 d5 3. Nd2 h6 4. Ngf3 Nf6 5. Bd3 dxe4 6. Nxe4 Bd7 7. Ne5 Bc6 8. Nxf6+ Qxf6 9. Nxc6 Nxc6 10. Bb5 Bd6 11.
Be3 O-O 12. Bxc6 bxc6 13. Qh5 Rab8 14. b3 Bb4+ 15. Ke2 Bc3 16. Rad1 e5 17. dxe5 Bxe5 18. Rd7 Rbe8 19. Qf3 Bf4 20. Rhd1 Bxe3 21. Qxf6 Bg5+ 22. Kf3 Bxf6 23. Rxc7 Re6 24. Rxa7 Rfe8 25. Rdd7 R6e7 26. a4 Rxd7 27. Rxd7 Re7 28. Rd8+ Kh7 29. Rc8 Re6 30. a5 Bc3 31. a6 Re7 32. Rxc6 Be5 33. b4 Ra7 34. b5 1-0

[Event "Early-Titled-Tuesday-Blitz-August-29-2023"]
[Site "Chess.com"]
[Date "2023.08.29"]
[Round "2"]
[White "TrenerChos"]
[Black "atbenina64"]
[Result "1-0"]
[WhiteElo "2559"]
[BlackElo "2795"]
[TimeControl "180+1"]
[EndTime "8:17:44 PDT"]
[Termination "TrenerChos won by resignation"]

1. Nf3 Nf6 2. b3 g6 3. Bb2 Bg7 4. g3 b6 5. Bg2 Bb7 6. O-O c5 7. d4 O-O 8. c4 cxd4 9. Bxd4 d6 10. Nc3 Nbd7 11. Qd2 Rc8 12. Rad1 a6 13. Rfe1 Nc5 14.
Bxc5 Rxc5 15. e4 Qa8 16. Nd4 b5 17. Nd5 Re8 18. Rc1 bxc4 19. bxc4 e6 20. Nxf6+ Bxf6 21. Nb3 Rd8 22. Nxc5 dxc5 23. Qf4 Bd4 24. h4 h5 25. g4 hxg4 26. h5 gxh5 27. Qg5+ Kf8 28. Rb1 Bc6 29. Rb6 Rc8 30. Reb1 Bxe4 31. Bxe4 Qxe4 32.
Rb8 Bxf2+ 33. Kf1 Qh1+ 34. Ke2 Qf3+ 35. Kd2 Qc6 36. Qf4 Qd7+ 37. Ke2 Rxb8 38. Rxb8+ Ke7 39. Qg5+ f6 40. Qg7+ Kd6 41. Rb6+ 1-0

[Event "Early-Titled-Tuesday-Blitz-August-29-2023"]
[Site "Chess.com"]
[Date "2023.08.29"]
[Round "2"]
[White "Truequitos"]
[Black "Sl4werThanYou"]
[Result "0-1"]
[WhiteElo "2385"]
[BlackElo "2742"]
[TimeControl "180+1"]
[EndTime "8:17:44 PDT"]
[Termination "Sl4werThanYou won by resignation"]

1. e4 e6 2. d4 d5 3. Nc3 Bb4 4.
Ne2 Nc6 5. e5 f6 6. exf6 Nxf6 7.
a3 Bd6 8. Ng3 O-O 9. Be2 a6 10.
O-O e5 11. dxe5 Bxe5 12. Bg5 Be6 13. Bf3 Bxc3 14. bxc3 h6 15. Be3 Ne5 16. Be2 Qd6 17. Re1 Rfe8 18. Rb1 b6 19. c4 Qxa3 20. cxd5 Nxd5 21.
Bd4 Nc3 22. Bxc3 Qxc3 23. Ne4 Qc6 24. Bd3 Rad8 25. Qh5 Nxd3 26. cxd3 Bf7 27. Qg4 Rxd3 28. h4 Rd4 29. f3 Qe6 30. Qg3 Qe5 31. Qg4 Re6 32.
Re2 Rg6 33. Qc8+ Kh7 34. Rbe1 Qf4 35. h5 Re6 36. Qf8 Re8 37. Nf6+ Qxf6 38. Rxe8 Bxe8 39. Qxf6 gxf6 40. Rxe8 Rd7 41. Re6 Kg7 42. Rc6 b5 43. Rxa6 c5 44. Rc6 c4 45. Rc5 Rb7 46. Kf1 Kf7 47.
Ke1 Ke6 48. Kd1 Kd6 49. Rc8 Kd5 50. Kc2 b4 51. Rh8 b3+ 52. Kb1 c3 53. Rd8+ Kc4 0-1

[Event "Early-Titled-Tuesday-Blitz-August-29-2023"]
[Site "Chess.com"]
[Date "2023.08.29"]
[Round "2"]
[White "Chessdude1987"]
[Black "chito89"]
[Result "0-1"]
[WhiteElo "2422"]
[BlackElo "2854"]
[TimeControl "180+1"]
[EndTime "8:17:44 PDT"]
[Termination "chito89 won on time"]

1. e4 c5 2. Nf3 e6 3. g3 Nc6 4. Bg2 d5 5. e5 Nge7 6. O-O Qc7 7. Re1 Ng6 8. d4 cxd4 9. Bf4 Nxf4 10. gxf4 Qb6 11. Nbd2 g6 12. c4 dxc3 13. bxc3 Bh6 14.
Ng5 Bxg5 15. fxg5 Na5 16. Rb1 Qc7 17. Qf3 Bd7 18. c4 Bc6 19. Qf6 O-O 20. cxd5 Bxd5 21. Bxd5 exd5 22. Re3 Rfe8 23. Rbe1 Re6 24. Qf4 Rae8 25.
Nf3 Nc4 26. R3e2 b5 27. Nd4 Rxe5 28. Nf3 Rxe2 29. Qxc7 Rxe1+ 30. Nxe1 Rxe1+ 31. Kg2 Re5 32. Qd8+ Kg7 33. Qf6+ Kf8 34. Qd8+ Re8 35. Qxd5 a6 36. Qc5+ Kg8 37. Qc6 Re6 0-1

[Event "Early-Titled-Tuesday-Blitz-August-29-2023"]
[Site "Chess.com"]
[Date "2023.08.29"]
[Round "2"]
[White "Preobrazhenska_D2011"]
[Black "HajiyevKanan"]
[Result "0-1"]
[WhiteElo "2286"]
[BlackElo "2506"]
[TimeControl "180+1"]
[EndTime "8:17:44 PDT"]
[Termination "HajiyevKanan won by checkmate"]

1. e4 c6 2. d4 d5 3. exd5 cxd5 4. Nf3 Nc6 5. c4 Bg4 6. Be3 e6 7.
Nc3 Bb4 8. a3 Bxc3+ 9. bxc3 Nf6 10. c5 O-O 11. Bd3 Ne4 12. Qc2 f5 13. h3 Bh5 14. Bd2 b6 15. cxb6 axb6 16. Ne5 Nxe5 17.
dxe5 Qh4 18. O-O Rac8 19. Rab1 Rc6 20. Bb5 Rc7 21. Bd3 Rc6 22. Rb3 Nc5 23. Rb5 f4 24. Bxh7+ Kh8 25. Bg6 Be2 26. Rbb1 f3 27. Rfe1 Ne4 28.
Bxe4 dxe4 29. Be3 Bd3 30. Qa4 b5 31. Qb4 Rfc8 32. Rbd1 fxg2 33. Kxg2 Rxc3 34. Qd6 R3c6 35. Qd4 Qh5 36. Rd2 Qf3+ 37. Kh2 Kh7 38. Rg1 Rc1 39.
Rxc1 Rxc1 40. Rxd3 Rh1# 0-1

[Event "Early-Titled-Tuesday-Blitz-August-29-2023"]
[Site "Chess.com"]
[Date "2023.08.29"]
[Round "2"]
[White "angryspacevoid"]
[Black "Goi_Manne"]
[Result "1-0"]
[WhiteElo "2516"]
[BlackElo "2318"]
[TimeControl "180+1"]
[EndTime "8:17:45 PDT"]
[Termination "angryspacevoid won by resignation"]

1. e4 c6 2. d4 d5 3. f3 e6 4.
Nc3 Bb4 5. Be3 Ne7 6. Ne2 O-O 7. a3 Bxc3+ 8. Nxc3 b6 9. Bd3 Ba6 10. O-O Bxd3 11. Qxd3 Nd7 12. Ne2 Rc8 13. c3 c5 14.
Rac1 Qc7 15. c4 Qb7 16. cxd5 exd5 17. dxc5 dxe4 18. Qd6 Nf5 19. Qf4 Nxe3 20. Qxe3 Nxc5 21. b4 exf3 22. Rxf3 Ne6 23. Rcf1 Qd5 24. Rg3 g6 25. h4 Qh5 26. Rf6 Rc2 27. Nf4 Nxf4 28. Qxf4 Rcc8 29.
Rf3 Qd5 30. Re3 Rcd8 31. Re7 Qd1+ 32. Kh2 Qd6 33. Rxd6 1-0

[Event "Early-Titled-Tuesday-Blitz-August-29-2023"]
[Site "Chess.com"]
[Date "2023.08.29"]
[Round "2"]
[White "frequentblunders"]
[Black "MaevskiyNikolay"]
[Result "0-1"]
[WhiteElo "2128"]
[BlackElo "2685"]
[TimeControl "180+1"]
[EndTime "8:17:46 PDT"]
[Termination "MaevskiyNikolay won by checkmate"]

1. d3 g6 2. f4 Bg7 3. Nf3 d5 4. g3 c6 5. Bg2 Nh6 6. O-O Qb6+ 7. Kh1 Bxb2 8. Bxb2 Qxb2 9. Nbd2 Ng4 10. Qb1 Qxb1 11.
Raxb1 Ne3 12. Rfc1 Nd7 13. Kg1 Nf6 14. Kf2 Nfg4+ 15.
Kg1 h5 16. h3 Nf6 17. Bh1 b6 18. Kf2 Nf5 19. e4 Ng7 20. e5 Nd7 21. Bg2 c5 22. c4 Bb7 23. Ng5 e6 24. cxd5 exd5 25. Nc4 dxc4 26. Bxb7 Rb8 27. Bc6 Ke7 28. Nxf7 Kxf7 29. Bxd7 cxd3 30. Rd1 Ne6 31. Rxd3 Nd4 32. e6+ Kf6 33. Re1 Ke7 34. g4 hxg4 35. hxg4 Rh2+ 36. Kg3 Rbh8 37. Rxd4 R8h3# 0-1

[Event "Early-Titled-Tuesday-Blitz-August-29-2023"]
[Site "Chess.com"]
[Date "2023.08.29"]
[Round "2"]
[White "Fighterman91"]
[Black "YellowJacek"]
[Result "1-0"]
[WhiteElo "2735"]
[BlackElo "2367"]
[TimeControl "180+1"]
[EndTime "8:17:48 PDT"]
[Termination "Fighterman91 won on time"]

1. Nf3 Nf6 2. d4 g6 3. Bg5 Bg7 4. Nbd2 d5 5. c3 O-O 6. e3 b6 7. a4 Bb7 8. a5 c5 9. Ne5 Nfd7 10. a6 Bc8 11. Nxd7 Nxd7 12. Bb5 f6 13. Bc6 Rb8 14. Bxd5+ Kh8 15. Bh4 cxd4 16. cxd4 e5 17. O-O exd4 18.
exd4 Nc5 19. dxc5 Qxd5 20. Bg3 Ra8 21. Nb3 Be6 22. Ra3 bxc5 23. Qxd5 Bxd5 24. Nxc5 Rac8 25. b4 f5 26. Rd1 Bc4 27. Bf4 Rfd8 28. Rxd8+ Rxd8 29. h3 Bb2 30. Re3 Bf6 31. Bc7 Rd1+ 32. Kh2 Ra1 33.
Re8+ Kg7 34. Ra8 Bd4 35. Rxa7 1-0

[Event "Early-Titled-Tuesday-Blitz-August-29-2023"]
[Site "Chess.com"]
[Date "2023.08.29"]
[Round "2"]
[White "MatyChess1"]
[Black "elchacal664"]
[Result "1-0"]
[WhiteElo "2684"]
[BlackElo "2410"]
[TimeControl "180+1"]
[EndTime "8:17:48 PDT"]
[Termination "MatyChess1 won by resignation"]

1. d4 c5 2. d5 e5 3. e4 d6 4. Nc3 g6 5. Bb5+ Bd7 6. a4 Bg7 7. Nf3 Ne7 8. O-O O-O 9. Nd2 f5 10. Nc4 Nc8 11. f4 a6 12. Bxd7 Nxd7 13. a5 Qe7 14.
exf5 Rxf5 15. Bd2 Rb8 16. Qe2 Qf8 17. g4 Rf7 18. f5 gxf5 19. gxf5 Rxf5 20. Qg4 Rf7 21.
Qe6 Qe7 22. Ne4 Qxe6 23. dxe6 Rxf1+ 24. Rxf1 Nf8 25. Nf6+ Bxf6 26. Rxf6 b5 27. axb6 Rb7 28. Bh6 Ng6 29. h4 d5 30. Nxe5 Rxb6 31. h5 1-0

[Event "Early-Titled-Tuesday-Blitz-August-29-2023"]
[Site "Chess.com"]
[Date "2023.08.29"]
[Round "2"]
[White "denizozen"]
[Black "ahkashefi2800"]
[Result "1/2-1/2"]
[WhiteElo "2866"]
[BlackElo "2580"]
[TimeControl "180+1"]
[EndTime "8:17:50 PDT"]
[Termination "Game drawn by repetition"]

1. e4 c6 2. Nc3 d5 3. Nf3 dxe4 4. Nxe4 Nd7 5. d4 Ngf6 6. Bd3 Nxe4 7. Bxe4 Nf6 8. Bd3 Bg4 9. c3 e6 10. O-O Be7 11.
h3 Bh5 12. Qe2 O-O 13. Re1 Qd5 14. g4 Bg6 15. Bxg6 hxg6 16. Ne5 Bd6 17. Bf4 Rad8 18. Rad1 a6 19. b4 b5 20. a4 Nd7 21. Bg3 Nb6 22. a5 Nc4 23. Nxc4 Qxc4 24. Qxc4 bxc4 25.
Bxd6 Rxd6 26. Re5 Rd5 27. Rde1 Rb8 28. f4 Rbb5 29. Kf2 Kf8 30. h4 Ke7 31. Kf3 Kd7 32.
Rg5 Ke7 33. Rge5 Kd7 34. R1e2 Ke7 35. Kg3 Kf8 36. Rh2 Rxe5 37. fxe5 Rd5 38. Kf4 Kg8 39. h5 gxh5 40. Rxh5 f6 41. exf6 gxf6 42. Rh1 Kg7 43. Re1 Kf7 44. Rh1 Kg7 45. Rh2 Rg5 46. Re2 Kf7 47. Re1 Rd5 48. Re3 Rg5 49. Rh3 Kg7 50. Rh1 Rd5 1/2-1/2

[Event "Early-Titled-Tuesday-Blitz-August-29-2023"]
[Site "Chess.com"]
[Date "2023.08.29"]
[Round "2"]
[White "maksimys18"]
[Black "assezde36"]
[Result "0-1"]
[WhiteElo "2540"]
[BlackElo "2822"]
[TimeControl "180+1"]
[EndTime "8:17:50 PDT"]
[Termination "assezde36 won by checkmate"]

1. d4 Nf6 2. Nf3 e6 3. c4 b6 4. Nc3 Bb7 5. Bg5 h6 6. Bh4 Bb4 7. e3 g5 8. Bg3 Ne4 9. Qc2 d6 10. Bd3 Bxc3+ 11. bxc3 f5 12. d5 exd5 13. cxd5 Bxd5 14.
Nd4 Qf6 15. f3 Nxg3 16. hxg3 f4 17. gxf4 gxf4 18. Bg6+ Kd8 19. Rh5 Bb7 20. Rf5 Qh4+ 21. Ke2 fxe3 22. Ne6+ Kc8 23. Kxe3 Nd7 24. Rf7 Qc4 25.
Qf5 Re8 26. Rxd7 Qxe6+ 27. Kf2 Kxd7 28. Qc2 Qe3+ 29. Kf1 Re5 30. Rd1 Rg8 31. Rd4 Qe1# 0-1

[Event "Early-Titled-Tuesday-Blitz-August-29-2023"]
[Site "Chess.com"]
[Date "2023.08.29"]
[Round "2"]
[White "atalz0"]
[Black "underthebridge1999"]
[Result "0-1"]
[WhiteElo "2486"]
[BlackElo "2321"]
[TimeControl "180+1"]
[EndTime "8:17:50 PDT"]
[Termination "underthebridge1999 won on time"]

1. d4 Nf6 2. c4 g6 3. f3 d5 4. cxd5 Nxd5 5. e4 Nb6 6. Nc3 Bg7 7. Be3 O-O 8. a4 a5 9. Rc1 Nc6 10. Nb5 Bd7 11. h4 Nb4 12. h5 Bxb5 13. Bxb5 c6 14. Be2 Qd6 15. Kf2 Rad8 16. e5 Qe6 17. h6 Bxe5 18. Nh3 Bg3+ 19. Kxg3 Qxe3 20. Rc3 Qxd4 21. Qxd4 Rxd4 22. b3 N6d5 23. Rc5 b6 24. Rcc1 Rd2 25. Bc4 Ne3 26. Nf4 e5 27. Ne2 Nxc4 0-1

[Event "Early-Titled-Tuesday-Blitz-August-29-2023"]
[Site "Chess.com"]
[Date "2023.08.29"]
[Round "2"]
[White "stasOR4ik"]
[Black "AndresDelgado77"]
[Result "1-0"]
[WhiteElo "2485"]
[BlackElo "2253"]
[TimeControl "180+1"]
[EndTime "8:17:50 PDT"]
[Termination "stasOR4ik won on time"]

1. c4 c6 2. e4 d5 3. exd5 cxd5 4. cxd5 Nf6 5. Nc3 Nxd5 6. Bc4 Nb6 7. Bb3 Nc6 8. Nf3 e6 9. d4 Be7 10. O-O O-O 11. Re1 Bd7 12. d5 exd5 13. Nxd5 Nxd5 14. Qxd5 Be6 15. Qxd8 Nxd8 16. Bxe6 Nxe6 17. Bf4 Bf6 18. Be5 Bxe5 19. Rxe5 Rac8 20. Ne1 Rfd8 21. Re2 Kf8 22. g3 Nd4 23. Re4 Nc2 24. Rc1 Nxe1 25. Rexe1 Rxc1 26. Rxc1 Rd2 27. Rc8+ Ke7 28. Rc7+ Rd7 29.
Rxd7+ Kxd7 30. Kf1 Ke6 31. Ke2 Ke5 32. Ke3 g5 33. f4+ gxf4+ 34. gxf4+ Kf5 35. Kf3 f6 36. h3 h6 37. Ke3 Ke6 38. Ke4 f5+ 39. Kd4 Kd6 40.
b4 b5 41. h4 h5 42. a3 a6 43. Ke3 Ke6 44. Kd2 Kd6 45. Kc3 Kc6 46. Kc2 Kd6 47. Kd2 Ke6 48. Kc3 Kd6 49. Kd4 Ke6 50.
Kc5 Ke7 51. Kd5 Kf6 52. Kd6 Kf7 53. Ke5 Kg6 54. Ke6 1-0

[Event "Early-Titled-Tuesday-Blitz-August-29-2023"]
[Site "Chess.com"]
[Date "2023.08.29"]
[Round "2"]
[White "Arek_pacitan"]
[Black "joppie2"]
[Result "1/2-1/2"]
[WhiteElo "2623"]
[BlackElo "2937"]
[TimeControl "180+1"]
[EndTime "8:17:52 PDT"]
[Termination "Game drawn by repetition"]

1. d4 g6 2. c4 Bg7 3. Nc3 d6 4. e4 Nf6 5. h3 e5 6. Nge2 exd4 7. Nxd4 O-O 8. Be3 c6 9. Be2 Re8 10. Bf3 Nbd7 11. O-O Nc5 12. Qc2 Qe7 13. Rfe1 a5 14.
Rad1 h6 15. Bf4 Nfd7 16. b3 Ne5 17. Be2 Qf6 18. Bg3 g5 19. Nf5 Bxf5 20. exf5 Rad8 21.
Bh5 Nxc4 22. Rxe8+ Rxe8 23. bxc4 Qxc3 24. Qxc3 Bxc3 25.
Bxd6 Ne4 26. Ba3 Nf6 27. Bf3 Kg7 28. Kf1 Re5 29. g4 Re8 30. Rb1 Ne4 31. Rxb7 Nd2+ 32.
Kg2 Nxc4 33. Bc5 Ne5 34. Rb3 Nxf3 35. Rxc3 Nh4+ 36. Kf1 Re4 37. Bd6 h5 38. f3 Ra4 39.
a3 f6 40. Kf2 hxg4 41. fxg4 Rd4 42. Rxc6 Kf7 43. Rc7+ Ke8 44. Be7 Rd2+ 45. Kf1 Nf3 46.
Bxf6 Nh2+ 47. Ke1 Nf3+ 48. Kf1 Nh2+ 49. Kg1 Nf3+ 50. Kf1 1/2-1/2

[Event "Early-Titled-Tuesday-Blitz-August-29-2023"]
[Site "Chess.com"]
[Date "2023.08.29"]
[Round "2"]
[White "Shuvalov"]
[Black "ChEsper99"]
[Result "1-0"]
[WhiteElo "2451"]
[BlackElo "2136"]
[TimeControl "180+1"]
[EndTime "8:17:52 PDT"]
[Termination "Shuvalov won by resignation"]

1. d4 d5 2. c4 c6 3. Nc3 Nf6 4. e3 Bf5 5. cxd5 cxd5 6. Qb3 Bc8 7. Nf3 Nc6 8. Bd3 e6 9. O-O Bd6 10. Bd2 O-O 11. Rfc1 Rb8 12. Nb5 Be7 13. a4 a6 14. Na3 Bd7 15. Nc2 Na5 16. Bxa5 Qxa5 17. Ne5 Rfd8 18. Ne1 Bd6 19. N1f3 h6 20. h3 Be8 21.
Qd1 Qb4 22. b3 Rdc8 23. Kf1 Rc3 24. Rxc3 Qxc3 25. Rc1 Qb4 26. Qc2 Nd7 27. Bh7+ Kf8 28. Nd3 Qb6 29. Nc5 Nf6 30. Bd3 Nd7 31. b4 a5 32. b5 Kg8 33. Nb3 Nf6 34. Ne5 Nd7 35. f4 f6 36. Nf3 Nf8 37. Qc3 Bd7 38. Qxa5 Qxa5 39. Nxa5 Bb4 40. Nb3 Rc8 41. Rxc8 Bxc8 42.
a5 Nd7 43. a6 bxa6 44. bxa6 Nb6 45. Nc5 Bxc5 46. dxc5 Nc4 47. Bxc4 dxc4 48. a7 Bb7 49. Nd4 1-0